 Dungeon Crawl Stone Soup version bcrawl-1.12-8-g964540c432 (webtiles) character file.

Game seed: 16122813449553258547

1501 MisterOstroum the Spear-Bearer (level 8, -3/65 HPs)
             Began as a Demonspawn Archaeologist on June 5, 2019.
             Was a Follower of Okawaru.
             Slain by a manticore (5 damage)
             ... on level 5 of the Dungeon.
             The game lasted 00:16:51 (6469 turns).

MisterOstroum the Spear-Bearer (DsAc)               Turns: 6469, Time: 00:16:52

Health: -3/65      AC: 15    Str: 19 (20) XL:     8   Next: 52%
Magic:  8/8        EV: 10    Int: 12 (15) God:    Okawaru [*.....]
Gold:   426        SH:  0    Dex: 10 (11) Spells: 7/7 levels left

rFire    + . .     SeeInvis .   a - +8 trident of the Octopus King {venom, rElec rPois MR+}
rCold    . . .     Gourm    .   (no shield)
rNeg     + . .     Faith    .   p - +0 chain mail
rPois    +         Spirit   .   b - +1 hat
rElec    +         Reflect  .   u - +1 cloak
rCorr    .         Harm     .   d - +1 pair of gloves
MR       ++...                  c - +1 pair of boots
Stlth    ..........             (no amulet)
HPRegen  0.20/turn              n - ring of protection from magic
MPRegen  0.11/turn              (no ring)

@: mighty
A: antennae 2, fire resistance 1, negative energy resistance 1, flame cloud
immunity, sturdy frame 2
a: Heroism, Renounce Religion


You were on level 5 of the Dungeon.
You worshipped Okawaru.
Okawaru was aware of your devotion.
You were not hungry.

You visited 2 branches of the dungeon, and saw 7 of its levels.

You collected 426 gold pieces.

Inventory:

Hand Weapons
 a - the +8 trident of the Octopus King (weapon) {venom, rElec rPois MR+}

   It poisons the flesh of those it strikes.
   It insulates you from electricity.
   It protects you from poison.
   It affects your resistance to hostile enchantments.
 f - a +1 spear of venom
Missiles
 m - 31 curare-tipped needles {!f}
 s - 447 stones (quivered)
 v - 94 poisoned needles
 x - a throwing net {!f!f}
Armour
 b - a +1 hat (worn)
 c - a +1 pair of boots (worn)
 d - a +1 pair of gloves (worn)
 p - a +0 chain mail (worn)
 u - a +1 cloak (worn)
Jewellery
 n - a ring of protection from magic (left hand)
Wands
 k - a wand of random effects (11)
Scrolls
 h - a scroll of enchant armour
 j - a scroll of noise
 E - 3 scrolls of teleportation {@r3 !r}
Potions
 g - a potion of might
 l - a potion of flight
 B - a potion of agility {@q5 !q}
Comestibles
 e - 11 rations {!d}


   Skills:
 + Level 6.5 Fighting
 + Level 9.0 Polearms
 - Level 2.6 Dodging
 - Level 3.0 Stealth


You had 7 spell levels left.
You didn't know any spells.
Your spell library was empty.

Dungeon Overview and Level Annotations

Branches:
Dungeon (6/12)             Temple (1/1) D:5

Altars:
Ashenzari
Dithmenos
Elyvilon
Fedhas
Gozag
Hepliaklqana
Kikubaaqudgha
Lugonu
Nemelex Xobeh
Okawaru
Sif Muna
Trog
Uskayaw
Vehumet
Xom
Zin
The Shining One

Shops:
D:2 *


Innate Abilities, Weirdness & Mutations

You have a pair of antennae on your head.
Your flesh is heat resistant. (rF+)
You resist negative energy. (rN+)
You are immune to clouds of flame.
Your movements are less encumbered by armour. (ER -4)


Message History

You are too injured to fight recklessly!
You are too injured to fight recklessly!
You are too injured to fight recklessly!
You are too injured to fight recklessly!
You are too injured to fight recklessly!
You are too injured to fight recklessly!
An ice beast is nearby!
An ice beast is nearby!
You hit the ice beast but do no damage.
The ice beast is almost dead.
The ice beast hits you. The ice beast freezes you!
* * * LOW HITPOINT WARNING * * *
You puncture the ice beast!
You kill the ice beast!
Okawaru accepts your kill.
Your Polearms skill increases to level 9!
There is a stone staircase leading up here.
You start resting.
An orc priest comes into view. It is wielding a +0 club.
The orc priest shouts!
You hear a shout!
You climb upwards.
There is a stone staircase leading down here.
It was a potion of flight.
You feel very buoyant.
You fly up into the air.
As you read the scroll of identify {@r1}, it crumbles to dust.
w - 3 potions of brilliance Drop what? 26/52 slots (_ for help) (? for menu, Esc to quit)
You drop 3 potions of brilliance.
Okay, then.
It was a potion of agility.
You feel agile all of a sudden.
It was a potion of degeneration.
There was something very wrong with that liquid.
You feel weakened.
You feel dopey.
You feel clumsy.
It was a potion of ambrosia.
You are confused.
You feel invigorated.
It was a potion of resistance.
You feel protected.
It was a potion of magic.
Magic courses through your body.
It was a potion of curing.
You feel better.
You feel less invigorated.
You fly downwards.
The orc priest invokes the aid of Beogh against you.
Beogh smites you!
You hear a shout!
There is a stone staircase leading up here.
You fly upwards.
There is a stone staircase leading down here.
You see here 3 potions of brilliance.
You are starting to lose your buoyancy.
There is an open door, spattered with blood here.
You float gracefully downwards.
There is an open door here.
There is an open door here.
You feel a little less agile now.
There is an open door here.
There is a stone staircase leading down here.
You start resting.
You start to feel less resistant.
You start resting.
Your resistance to elements expires.
You start resting.
HP restored.
You climb downwards.
An orc and an orc wizard come into view.
The orc shouts!
You hear a shout!
You hear a loud, deep croak!
An orc comes into view. It is wielding a +0 flail.
The manticore bites you but does no damage.
The manticore claws you but does no damage.
The manticore claws you!
The orc priest hits you but does no damage.
There is a stone staircase leading up, spattered with blood here.
The manticore bites you.
The manticore claws you but does no damage. x2
The orc wizard hits you but does no damage.
The orc priest invokes the aid of Beogh against you.
Beogh smites you!
You climb upwards.
There is a stone staircase leading down here.
You hit the orc priest.
The orc priest is poisoned.
The orc priest is moderately wounded.
The manticore closely misses you. The manticore barely misses you.
The manticore claws you.
The orc wizard hits you but does no damage.
You barely miss the orc priest.
The orc priest is moderately wounded.
The orc priest invokes the aid of Beogh against you.
Beogh smites you!
The manticore bites you but does no damage.
The manticore claws you!
* * * LOW HITPOINT WARNING * * *
The manticore claws you but does no damage.
The orc wizard closely misses you.
You feel very mighty all of a sudden. The manticore bites you!
* * * LOW HITPOINT WARNING * * *
The manticore claws you but does no damage.
The manticore claws you.
You die...

########'########.......
#...............#.......
#...............#.......
#...............#.......
#...............#.......
#...............#.....##
#..##.########..#.....#.
#..#####..####..##......
#......@.........#....#.
#.....oHo........#....#.
#................#......
#..............<.'....#.
#................#....#.
#.....##^...####'#......
#.....##....###..##...#.
#.................#...##
#.................#....#


You could see a manticore, an orc priest and an orc wizard.

Vanquished Creatures
  Grinder (D:4)
  A sky beast (D:4)
  A necrophage (D:5)
  3 ice beasts
  2 ogres
  A centaur (D:5)
  A bullfrog (D:5)
  A scorpion (D:3)
  A howler monkey (D:5)
  A crimson imp (D:5)
  A hound (D:5)
  3 orc wizards (D:5)
  An orc priest (D:5)
  2 iguanas
  A worker ant (D:5)
  A hound zombie (D:5)
  A worker ant zombie (D:5)
  8 adders
  An adder skeleton (D:4)
  7 worms
  2 dart slugs
  4 leopard geckos (D:1)
  8 orcs
  3 ball pythons
  2 giant cockroaches
  2 goblins
  11 hobgoblins
  7 jackals
  5 kobolds
  5 quokkas
  2 frilled lizards (D:4)
  A jackal skeleton (D:5)
  A quokka skeleton (D:3)
  7 rats
  A demonic plant (Temple)
100 creatures vanquished.

Notes
Turn   | Place    | Note
-------+----------+-------------------------------------------
     0 | D:1      | MisterOstroum the Demonspawn Archaeologist began the quest
                  | for the Orb.
     0 | D:1      | Reached XP level 1. HP: 15/15 MP: 1/1
   411 | D:1      | Found a shattered altar of Ashenzari.
   477 | D:1      | Gained mutation: You have a pair of small antennae on your
                  | head. [demonic ancestry]
   477 | D:1      | Reached XP level 2. HP: 22/22 MP: 2/2
  1485 | D:1      | Gained mutation: Your flesh is heat resistant. (rF+)
                  | [demonic ancestry]
  1485 | D:1      | Reached XP level 3. HP: 29/29 MP: 3/3
  1573 | D:2      | Found a shimmering altar of Xom.
  1676 | D:2      | Reached skill level 1 in Polearms
  2004 | D:2      | Found an opulent altar of Gozag.
  2006 | D:2      | Found Gozag's Platinum Reserve.
  2165 | D:2      | Reached skill level 2 in Polearms
  2737 | D:3      | Found a sparkling altar of Nemelex Xobeh.
  2833 | D:3      | Gained mutation: You are immune to clouds of flame.
                  | [demonic ancestry]
  2833 | D:3      | Reached XP level 4. HP: 35/35 MP: 4/4
  2835 | D:3      | Reached skill level 3 in Polearms
  3462 | D:3      | Reached skill level 5 in Polearms
  3462 | D:3      | Gained mutation: Your movements are slightly less
                  | encumbered by armour. (ER -2) [demonic ancestry]
  3462 | D:3      | Reached XP level 5. HP: 21/41 MP: 5/5
  4044 | D:4      | Reached skill level 6 in Polearms
  4193 | D:4      | Noticed Grinder
  4215 | D:4      | Killed Grinder
  4215 | D:4      | Reached skill level 7 in Polearms
  4215 | D:4      | Gained mutation: You have a pair of antennae on your head.
                  | [demonic ancestry]
  4215 | D:4      | Reached XP level 6. HP: 34/47 MP: 6/6
  4368 | D:4      | Noticed a sky beast
  4383 | D:4      | Killed a sky beast
  4383 | D:4      | Gained mutation: Your movements are less encumbered by
                  | armour. (ER -4) [demonic ancestry]
  4383 | D:4      | Reached XP level 7. HP: 53/53 MP: 7/7
  4431 | D:4      | Noticed a moth of wrath
  4433 | D:4      | Found a bloodstained altar of Trog.
  4493 | D:4      | Got a bloodstained short sword
  4494 | D:4      | Identified the +5 short sword "Bityreap" {freeze, Dex+5}
                  | (You found it on level 4 of the Dungeon)
  4575 | D:5      | Entered Level 5 of the Dungeon
  4583 | D:5      | Found a staircase to the Ecumenical Temple.
  4595 | Temple   | Entered the Ecumenical Temple
  4707 | Temple   | Became a worshipper of Warmaster Okawaru
  5065 | D:5      | Reached skill level 8 in Polearms
  5475 | D:5      | Reached skill level 5 in Fighting
  5550 | D:5      | Reached * piety under Okawaru
  5612 | D:5      | Gained mutation: You resist negative energy. (rN+) [demonic
                  | ancestry]
  5612 | D:5      | Reached XP level 8. HP: 62/62 MP: 8/8
  5767 | D:5      | Found a hide-covered altar of Uskayaw.
  6255 | D:6      | Reached skill level 9 in Polearms
  6271 | D:6      | Noticed a manticore
  6469 | D:5      | HP: 2/65 [manticore (12)]
  6469 | D:5      | Slain by a manticore

Skill      XL: |  1  2  3  4  5  6  7  8 |
---------------+-------------------------+-----
Fighting       | 2 3 5 6 |  6.5
Polearms       | 2 5 7 8 9 |  9.0
Dodging        | |  2.6
Stealth        | |  3.0

Action                   |  1- 3 |  4- 6 |  7- 9 || total
-------------------------+-------+-------+-------++-------
Melee: Club              |    30 |       |       ||    30
       Unarmed           |     8 |       |       ||     8
       Dagger            |    42 |       |       ||    42
       Mace              |   139 |    19 |       ||   158
       Short sword       |    13 |       |       ||    13
       Morningstar       |       |    98 |       ||    98
       Trident           |       |    10 |   110 ||   120
Throw: Stone             |    87 |    40 |    40 ||   167
       Throwing net      |       |       |     1 ||     1
Evoke: Wand              |       |     1 |       ||     1
  Use: Scroll            |     8 |     2 |     1 ||    11
       Potion            |     1 |     2 |     8 ||    11
 Stab: Sleeping          |     1 |     1 |       ||     2
       Petrified         |       |     8 |       ||     8
       Held in net/web   |       |       |     1 ||     1
  Eat: Chunk             |     6 |     5 |     7 ||    18
Armor: Ring mail         |   108 |    76 |    10 ||   194
       Robe              |     1 |       |       ||     1
       Skin              |     1 |       |       ||     1
       Chain mail        |       |       |    23 ||    23
Dodge: Dodged            |   121 |   129 |    19 ||   269
